Map: Ruins of Seras

Players

SticklerMac - Winner!

  • Race: Zerg Zerg
  • League: Silver

Taow

  • Race: Zerg Zerg
  • League: Silver

VOD

Have the link to the VOD?

Description

Time

  • Played on: Sept. 20, 2015, 3:33 p.m.
  • Length: 5:59
Show
View Real Time Build Order
Export as new Build Order

SticklerMac Zerg - Winner!

Build Orders: Hatch First 

Get SALT Encoding   

  12  0:01  Drone  
  13  0:09  Drone  
  14  0:22  Overlord  
  14  0:28  Extractor  
  14  0:30  Drone  
  15  0:41  Drone x2  
  17  0:45  Drone  
  18  1:01  Hatchery  
  17  1:04  Drone  
  17  1:06  Drone  
  19  1:12  Extractor  
  19  1:25  Drone  
  19  1:28  Drone  
  20  1:33  Spawning Pool  
  20  1:38  Drone  
  20  1:49  Drone  
  21  2:00  Drone  
  22  2:17  Drone x2  
  22  2:21  Metabolic Boost, Queen  
  22  2:22  Queen  
  28  2:25  Overlord  
  28  2:35  Spine Crawler  
  27  2:38  Zergling x2  
  27  2:41  Spine Crawler  
  27  2:43  Overlord  
  27  2:51  Spine Crawler  
  26  2:53  Zergling x2  
  26  2:57  Zergling x2  
  28  2:59  Zergling x2  
  28  3:02  Zergling x2  
  30  3:22  Zergling x2  
  30  3:23  Zergling x8  
  35  3:29  Zergling x2  
  35  3:30  Baneling Nest  
  35  3:33  Zergling x2  
  36  3:39  Drone  
  36  4:01  Zergling x14  
  36  4:02  Zergling x2  
  42  4:20  Zergling x2  
  42  4:29  Zergling x6  
  42  4:30  Zergling x2  
  37  4:51  Zergling x2  
  37  4:52  Zergling x6  
  36  5:01  Zergling x2  
  37  5:07  Zergling x8  
  37  5:08  Zergling x6  
  39  5:34  Zergling x4  
  39  5:35  Zergling x8  
  43  5:55  Roach Warren  
Show
View Real Time Build Order
Export as new Build Order

Taow Zerg 

Build Orders: Hatch First 

Get SALT Encoding   

  12  0:01  Drone  
  13  0:13  Overlord  
  13  0:18  Drone  
  14  0:27  Extractor  
  14  0:28  Drone  
  14  0:31  Drone  
  15  0:35  Drone  
  16  0:46  Drone  
  17  1:04  Drone  
  18  1:13  Hatchery  
  18  1:18  Drone x2  
  19  1:28  Spawning Pool  
  18  1:36  Drone  
  19  1:56  Hatchery  
  19  1:58  Extractor  
  19  1:59  Drone  
  19  2:00  Drone  
  19  2:05  Overlord  
  19  2:26  Roach Warren  
  18  2:32  Drone  
  18  2:33  Drone  
  18  2:34  Drone x2  
  18  2:36  Metabolic Boost  
  22  2:45  Queen  
  24  3:17  Roach x5  
  34  3:32  Overlord  
  34  3:34  Lair  
  34  3:50  Queen  
  36  3:57  Roach x2  
  36  3:58  Roach  
  42  4:04  Overlord  
  42  4:12  Overlord  
  39  4:36  Zergling x2  
  39  4:37  Zergling x8  
  37  5:12  Zergling x10  
  32  5:30  Drone  
Tags
 
Add a new tag
Caveats
  • Supply blocks, unpowered buildings, or Contaminate may cause inaccurate times.
  • Supply counts are checked every 10 seconds.